 Dungeon Sprint DCSS version 0.31-a0-1027-gfb7600b534 (webtiles) character file.

Game seed: 6026977815744311216

130 Conn the Firebug (level 5, 0/27 HPs)
             Began as an Octopode Fire Elementalist on Nov 18, 2023.
             Slain by a worm (10 damage)
             ... in the Dungeon (Sprint II: "The Violet Keep of Menkaure").
             The game lasted 00:03:22 (34 turns).

Conn the Firebug (Octopode Fire Elementalist)         Turns: 34, Time: 00:03:23

Health: 0/27       AC:  1    Str:  8    XL:     5   Next: 14%
Magic:  5/12       EV: 14    Int: 19    God:
Gold:   0          SH:  0    Dex: 12    Spells: 13/14 levels left

rFire   . . .        (no weapon)
rCold   . . .        (no shield)
rNeg    . . .        (helmet restricted)
rPois   .            (no amulet)
rElec   .            (no ring)
rCorr   .            (no ring)
SInv    .            (no ring)
Will    .....        (no ring)
Stlth   ++++         (no ring)
HPRegen 0.24/turn    (no ring)
MPRegen 0.13/turn    (no ring)
                     (no ring)

%: no teleportation
@: on berserk cooldown, hasted and slowed
A: almost no armour, amphibious, 8 rings, camouflage 1, gelatinous body 1,
(nimble swimmer 1), tentacles, frail 1
a: no special abilities


You were in the Dungeon.
You visited 1 branch

Inventory:

Potions
 a - 3 potions of magic
 b - a potion of curing


   Skills:
 + Level 3.5 Dodging
 + Level 4.7 Stealth
 * Level 5.0 Spellcasting
 * Level 3.8 Conjurations
 + Level 6.7 Fire Magic


You had 13 spell levels left.
You knew the following spells:

 Your Spells              Type           Power      Damage    Failure   Level
a - Foxfire               Conj/Fire      100%       2x1d9     1%          1

Your spell library contained the following spells:

 Spells                   Type           Power      Damage    Failure   Level
 Scorch                   Fire           60%        2d7       1%          2
 Inner Flame              Hex/Fire       17%        N/A       10%         3
 Volatile Blastmotes      Fire/Tloc      34%        2d12      10%         3
 Flame Wave               Conj/Fire      25%        2d8       14%         4


Dungeon Overview and Level Annotations

Branches:
Dungeon (1/1)

Altars:


Innate Abilities, Weirdness & Mutations

You cannot wear most types of armour.
You are amphibious.
You can wear up to eight rings at the same time.
Your skin changes colour to match your surroundings (Stealth+).
Your rubbery body absorbs attacks. (AC +1, EV +1)
((You are camouflaged when in or above water. (Stealth+)))
You have tentacles for arms and can constrict up to eight enemies at once.
You are frail. (-10% HP)


Message History

You have reached level 3!
Your experience leads to an increase in your attributes!
Increase (S)trength, (I)ntelligence, or (D)exterity?
You feel clever. x2
You have reached level 4!
You have reached level 5!
You feel stronger.
Unknown command.
You bludgeon the neqoxec! Your grab misses the neqoxec.
The neqoxec is moderately wounded.
There is an open door here.
You feel a strong urge to attack something.
You are no longer berserk.
You are exhausted.
You feel yourself slow down. The neqoxec attacks as it pursues you!
The neqoxec hits you.
* * * LOW HITPOINT WARNING * * *
You feel much better. The neqoxec closely misses you.
Okay, then.
Okay, then.
Casting: Foxfire (safe; 1% risk of failure)
Confirm with . or Enter, or press ? or * to list all spells.
Okay, then.
Unknown command.
Okay, then.
Okay, then.
The neqoxec gestures at you.
Strange energies course through your body.
You feel frail.
There is a staircase leading out of the dungeon here.
You open the door. The neqoxec attacks as it pursues you! The neqoxec hits you!
There is an open door here.
Okay, then.
Blink to where?
Press: ? - help, Dir - move target
As you read the scroll of blinking, it crumbles to dust.
As you open the door, it creaks loudly! The worm bites you!
You die... §≈§ S≈S

≈≈ ≈§ #+++
... ##'#
##@# #ww##
# ##3$# #
#. ##'# .##
#l##.##.B.#
#+.<.+#
#l##.##.B$#
#. ##'# .##
# #.## #


You could see a neqoxec, 2 worms and 2 electric eels.

Vanquished Creatures
  A neqoxec (D)
1 creature vanquished.

Notes
Turn   | Place    | Note
-------+----------+-------------------------------------------
     0 | D        | Conn the Octopode Fire Elementalist began the quest for the
                  | Orb.
     0 | D        | Reached XP level 1. HP: 11/11 MP: 3/3
     1 | D        | Noticed a wyvern
     1 | D        | Noticed a wyvern
     7 | D        | Noticed a boulder beetle
     7 | D        | Noticed a boulder beetle
    10 | D        | Noticed a neqoxec
    23 | D        | Killed a neqoxec
    23 | D        | Noticed a neqoxec
    24 | D        | Reached skill level 5 in Spellcasting
    24 | D        | Reached skill level 6 in Fire Magic
    24 | D        | Reached XP level 2. HP: 3/17 MP: 4/8
    24 | D        | Reached XP level 3. HP: 4/21 MP: 4/9
    24 | D        | Reached XP level 4. HP: 5/27 MP: 4/11
    24 | D        | Reached XP level 5. HP: 6/31 MP: 4/12
    28 | D        | Gained mutation: You are frail. (-10% HP) [a neqoxec]
    34 | D        | Slain by a worm

Illustrated notes

Levels and vault maps discovered:
D:        the_violet_keep_of_menkaure [sprint2_stairs_cluster_1,
          sprint2_shoproom, sprint2_temple, sprint2_basic_supplies,
          sprint2_obstacle_4, sprint2_obstacle_3, sprint2_obstacle_7,
          sprint2_obstacle_6, sprint2_obstacle_2, sprint2_timed_cluster_1,
          sprint2_smallroom_cluster_1, sprint2_smallroom_final_cluster_1,
          sprint2_transparent_cluster_1, sprint2_second_timed_cluster_1,
          sprint2_sniper_area_1, sprint2_heavy_combat_area_1,
          sprint2_mutation_trap_area_1, sprint2_forest_area_1,
          sprint2_light_combat_area_1, sprint2_behind_water_1,
          sprint2_near_end_vault_1]

Skill      XL: |  1 |
---------------+----+-----
Dodging        | 3 |  3.5
Stealth        | 4 |  4.7
Spellcasting   | 5 |  5.0
Conjurations   | 3 |  3.8
Fire Magic     | 6 |  6.7

Action                     |  1- 3 |  4- 6 || total
---------------------------+-------+-------++-------
  Melee: Unarmed           |     7 |     1 ||     8
         Constrict         |     1 |       ||     1
         Tentacles         |     1 |       ||     1
    Use: Potion            |     2 |     1 ||     3
         Scroll            |       |     1 ||     1
 Armour: Skin              |     2 |     3 ||     5
  Dodge: Dodged            |     1 |     1 ||     2

Table legend: (Time is in decaauts)
 A = Elapsed time spent in this place.
 B = Non-inter-level travel time spent in this place.
 C = Inter-level travel time spent in this place.
 D = Time resting spent in this place.
 E = Time spent auto-exploring this place.
 F = Levels seen in this place.
 G = Mean time per level.
                   A        B        C        D        E       F      G
               +--------+--------+--------+--------+--------+-----+--------+
         Total |     29 |     29 |      0 |      0 |      0 |   1 |   29.0 |
       Dungeon |     29 |     29 |      0 |      0 |      0 |   1 |   29.0 |
               +--------+--------+--------+--------+--------+-----+--------+

Top non-repeatable levels by time:
       D: 29 daAuts
